 Dungeon Crawl Stone Soup version 0.25-a0-413-g3b4b6a4ccc (webtiles) character file.

Game seed: 13137000785762501501, levelgen mode: deterministic

14492 Borgoz the Fighter (level 12, -1/120 HPs)
             Began as a Gargoyle Berserker on Jan 17, 2020.
             Was an Elder of Trog.
             Killed by divine providence
             ... invoked by an orc priest
              (8 damage)
             ... on level 12 of the Dungeon.
             The game lasted 00:23:34 (14057 turns).

Borgoz the Fighter (Gargoyle Berserker)            Turns: 14057, Time: 00:23:34

Health: -1/120     AC: 22    Str: 29    XL:     12   Next: 17%
Magic:  12/12      EV: 15    Int:  8    God:    Trog [****..]
Gold:   618        SH:  0    Dex: 14    Spells: 11/11 levels left

rFire    + . .     SeeInvis .   o - +0 great mace (drain)
rCold    + . .     Gourm    +   (shield currently unavailable)
rNeg     + . .     Faith    .   y - +1 scale mail of the Vaults {Dex+3} (curse)
rPois    ∞         Spirit   .   s - +0 helmet
rElec    +         Reflect  .   a - scarf {rC+ rF+}
rCorr    .         Harm     .   (no gloves)
MR       ++...                  m - +1 pair of boots
Stlth    ..........             E - amulet of the gourmand
HPRegen  1.30/turn              (no ring)
MPRegen  0.13/turn              (no ring)

@: berserking, regenerating, very quick
A: negative energy resistance 1, electricity resistance, unbreathing,
petrification resistance, rot immunity, AC +8
a: Berserk, Trog's Hand, Brothers in Arms, Renounce Religion


You were on level 12 of the Dungeon.
You worshipped Trog.
Trog was greatly pleased with you.
You were very full.

You visited 1 branch of the dungeon, and saw 12 of its levels.
You also visited: Sewer.

You collected 618 gold pieces.

Inventory:

Hand Weapons
 o - a +0 great mace of draining (weapon)
Missiles
 w - 3 throwing nets (quivered)
Armour
 a - a scarf of resistance (worn)
 m - a +1 pair of boots (worn)
 s - a +0 helmet (worn)
 x - a +1 chain mail of cold resistance
 y - the cursed +1 scale mail of the Vaults (worn) {Dex+3}
   (You found it on level 12 of the Dungeon)

   It affects your dexterity (+3).
   It has a curse placed upon it.
Jewellery
 C - a +4 amulet of reflection
 E - an amulet of the gourmand (around neck)
 J - an uncursed amulet of faith
Wands
 e - a wand of acid (3)
 q - a wand of iceblast (26)
Scrolls
 f - a scroll of fog
 g - 2 scrolls of remove curse
 h - 3 scrolls of teleportation
 i - a scroll of vulnerability {unknown}
 j - a scroll of fear
 k - 2 scrolls of blinking
 l - a scroll of enchant armour
 n - a scroll of magic mapping
Potions
 b - a potion of ambrosia
 d - 2 potions of haste
 p - 6 potions of curing {unknown}
 r - a potion of agility
 t - 4 potions of flight {unknown}
 v - a potion of degeneration {unknown}
 z - 2 potions of might
 A - a potion of heal wounds
 B - 4 potions of invisibility
 D - a potion of mutation {unknown}
 G - 3 potions of resistance
Comestibles
 c - 24 rations
 u - 4 chunks of flesh


   Skills:
 + Level 11.0 Fighting
 + Level 10.2 Maces & Flails
 + Level 10.8 Armour
 + Level 8.4 Dodging


You had 11 spell levels left.
You didn't know any spells.
Your spell library was empty.

Dungeon Overview and Level Annotations

Branches:
Dungeon (12/15)            Temple (0/1) D:6            Lair (0/6) D:9
    Orc (0/2) D:12          Sewer (visited)

Altars:
Cheibriados
Dithmenos
Fedhas
Nemelex Xobeh
Sif Muna
Trog
Vehumet
Xom
Yredelemnul
Zin
The Shining One

Shops:
D:5 }

Portals:
Trove: D:10 (give 17 potions of curing)


Innate Abilities, Weirdness & Mutations

You are resistant to torment.
Your stone body is resilient. (AC +8)
You are immune to poison.
You resist negative energy. (rN+)
You are resistant to electric shocks. (rElec)
You can survive without breathing.
You are immune to petrification.
You are immune to rotting.


Message History

The warg closely misses you.
The gargoyle hurls a stone arrow at you.
The stone arrow hits you!
The centaur hits you but does no damage.
You crush the warg like a grape!!!
You kill the warg!
Trog accepts your kill.
The death knight hits you with a +1 great mace of crushing!
* * * LOW HITPOINT WARNING * * *
x2 The gargoyle hurls a stone arrow at you.
The stone arrow hits you!
* * * LOW HITPOINT WARNING * * *
The centaur closely misses you.
You barely miss the gargoyle. The centaur hits you.
* * * LOW HITPOINT WARNING * * *
The death knight closely misses you.
The gargoyle hits you but does no damage.
The orc priest invokes the aid of Beogh against you.
Beogh smites you!
You die...

########### ......^...#
..........### #########
............## #........
.?........#..# #........
.........(##.####........
.........(##....'........
.......c..#######....##..
.......o@.# #....###.
......o(..# #.....##.
......9p..# #........
#####.o#### ##..##...
.... #.####.. ..... ...
#... ....... .... .......
.##. ...>... #.


You could see a death knight, a gargoyle, a centaur, an orc priest and 2 orcs.

Vanquished Creatures
  Harold (D:11)
  Erica (D:11)
  A death yak (D:9)
  Pikel (D:4)
  A cyclops (D:11)
  An ugly thing (D:11)
  An elephant (D:9)
  A gargoyle (D:10)
  A komodo dragon (D:11)
  A merfolk (D:11)
  3 trolls
  A hornet (D:11)
  5 slime creatures (D:10)
  2 hippogriffs
  3 wyverns
  Sigmund (D:2)
  9 yaks (D:10)
  A basilisk (D:9)
  A human (D:11)
  A hungry ghost (D:8)
  Menkaure (D:5)
  A warg (D:12)
  The ghost of Borgoz the Cudgeler, an amateur GrGl (D:4)
  A soldier ant (D:10)
  3 orc warriors
  An eye of draining (D:12)
  2 ice beasts
  6 sky beasts
  4 slaves
  A phantom (D:5)
  2 necrophages
  A black bear (D:8)
  4 ogres
  3 centaurs
  3 crocodiles (D:9)
  2 big kobolds
  10 bullfrogs
  3 scorpions
  4 killer bees (D:9)
  8 wights (D:8)
  A crimson imp (D:11)
  A howler monkey (D:8)
  2 quasits
  2 centaur zombies
  8 orc wizards
  2 centaur skeletons
  A hound (D:4)
  8 orc priests
  2 bullfrog zombies
  A jelly (D:1)
  3 bullfrog skeletons
  5 iguanas
  3 worker ants
  A hound zombie (D:10)
  A howler monkey zombie (D:6)
  A worker ant zombie (D:10)
  Robin (D:4)
  9 gnolls
  10 adders
  A river rat (D:3)
  4 shadow imps
  3 oozes (D:1)
  2 adder skeletons
  An adder zombie (D:9)
  2 worms
  6 dart slugs
  7 leopard geckos
  39 orcs
  4 ball pythons
  3 bats
  17 giant cockroaches
  14 goblins
  6 hobgoblins
  5 jackals
  2 quokkas
  15 frilled lizards
  15 kobolds
  A leopard gecko zombie (D:8)
  A quokka skeleton (D:4)
  11 rats
319 creatures vanquished.

Vanquished Creatures (others)
  A wizard (D:10)
1 creature vanquished.

Grand Total: 320 creatures vanquished

Notes
Turn   | Place    | Note
-------+----------+-------------------------------------------
     0 | D:1      | Borgoz the Gargoyle Berserker began the quest for the Orb.
     0 | D:1      | Reached XP level 1. HP: 14/14 MP: 1/1
     1 | D:1      | Found a runed translucent door.
     1 | D:1      | Noticed a jelly
    54 | D:1      | Reached XP level 2. HP: 8/19 MP: 2/2
   428 | D:1      | Reached XP level 3. HP: 20/24 MP: 3/3
   531 | D:1      | Reached ** piety under Trog
   865 | D:1      | Reached XP level 4. HP: 16/29 MP: 4/4
   869 | D:1      | Reached skill level 4 in Fighting
  1561 | D:2      | Noticed Sigmund
  1592 | D:2      | Killed Sigmund
  1592 | D:2      | Reached XP level 5. HP: 17/34 MP: 5/5
  1592 | D:2      | Reached XP level 6. HP: 19/39 MP: 6/6
  2110 | D:3      | Found a glowing drain.
  2132 | Sewer    | Entered a sewer
  2347 | Sewer    | Reached *** piety under Trog
  2480 | Sewer    | Reached skill level 5 in Fighting
  2480 | Sewer    | Reached XP level 7. HP: 33/44 MP: 7/7
  3065 | D:3      | Found a shimmering altar of Xom.
  3065 | D:3      | Found a blossoming altar of Fedhas.
  3180 | D:3      | Found a snail-covered altar of Cheibriados.
  3183 | D:3      | Found a shimmering blue altar of Sif Muna.
  3341 | D:4      | Noticed Pikel
  3722 | D:4      | Found a transporter.
  3722 | D:4      | Noticed Borgoz's ghost (amateur GrGl)
  3847 | D:4      | Reached skill level 5 in Maces & Flails
  3889 | D:4      | Killed Pikel
  3889 | D:4      | Reached skill level 6 in Fighting
  3889 | D:4      | Reached skill level 5 in Armour
  3889 | D:4      | Reached XP level 8. HP: 33/51 MP: 8/8
  3982 | D:4      | Noticed Robin
  3998 | D:4      | Killed Robin
  4064 | D:4      | Found a transporter.
  4296 | D:4      | Killed Borgoz's ghost
  4305 | D:4      | Reached **** piety under Trog
  4504 | D:5      | Entered Level 5 of the Dungeon
  4571 | D:5      | Noticed a wyvern
  4588 | D:5      | Killed a wyvern
  4596 | D:5      | Found a basalt altar of Yredelemnul.
  4711 | D:5      | Reached XP level 9. HP: 25/56 MP: 9/9
  4904 | D:5      | Reached skill level 7 in Fighting
  4949 | D:5      | Found Roragh's Gadget Shop.
  4956 | D:5      | Reached skill level 5 in Dodging
  5366 | D:5      | Noticed Menkaure
  5374 | D:5      | Killed Menkaure
  5693 | D:6      | Found a glowing golden altar of the Shining One.
  5823 | D:6      | Found a staircase to the Ecumenical Temple.
  6880 | D:7      | Found a radiant altar of Vehumet.
  6899 | D:7      | Reached skill level 8 in Fighting
  7143 | D:8      | Reached XP level 10. HP: 42/64 MP: 10/10
  7244 | D:8      | Reached ***** piety under Trog
  7244 | D:8      | Received a gift from Trog
  8152 | D:8      | Noticed an angel
  8153 | D:8      | Found a glowing silver altar of Zin.
  8240 | D:9      | Noticed an elephant
  8241 | D:9      | Found a staircase to the Lair.
  8241 | D:9      | Noticed a death yak
  8283 | D:9      | Killed a death yak
  8283 | D:9      | Reached skill level 9 in Fighting
  8949 | D:9      | Killed an elephant
  9720 | D:9      | Found a sparkling altar of Nemelex Xobeh.
 10149 | D:10     | Entered Level 10 of the Dungeon
 10189 | D:10     | Found a portal to a secret trove of treasure.
 10498 | D:10     | Found a bloodstained altar of Trog.
 10499 | D:10     | Noticed a wizard
 10642 | D:10     | Killed a wizard
 10695 | D:10     | Noticed a gargoyle
 10718 | D:10     | Killed a gargoyle
 10718 | D:10     | Reached XP level 11. HP: 11/71 MP: 11/11
 11652 | D:10     | Reached skill level 10 in Fighting
 12018 | D:11     | Noticed Harold
 12026 | D:11     | Noticed Erica
 12029 | D:11     | Killed Harold
 12029 | D:11     | Reached skill level 10 in Armour
 12037 | D:11     | Killed Erica
 12145 | D:11     | Noticed a cyclops
 12163 | D:11     | Killed a cyclops
 12583 | D:11     | Noticed a white ugly thing
 12596 | D:11     | Killed a white ugly thing
 12790 | D:11     | Reached skill level 10 in Maces & Flails
 12800 | D:11     | Reached XP level 12. HP: 47/79 MP: 12/12
 13965 | D:12     | Reached skill level 11 in Fighting
 13983 | D:12     | Found a shadowy altar of Dithmenos.
 14005 | D:12     | Got a jewelled scale mail
 14016 | D:12     | Identified the cursed +1 scale mail of the Vaults {Dex+3}
                  | (You found it on level 12 of the Dungeon)
 14043 | D:12     | Noticed a death knight
 14045 | D:12     | Found a staircase to the Orcish Mines.
 14056 | D:12     | HP: 6/120 [centaur (3)]
 14057 | D:12     | Killed from afar by an orc priest

Levels and vault maps discovered:
D:1:      dpeg_arrival_caged_fury, layout_loops_ring, minmay_tree_intersection,
          minmay_lizard_pond
D:2:      kennysheep_big_flooded_room, layout_basic, uniq_sigmund
D:3:      layout_loops_ring, nicolae_overflow_hidden_temple,
          portal_sewer_entry_b
D:4:      layout_rooms, gammafunk_ghost_arena, uniq_pikel, uniq_robin
D:5:      layout_basic, marbit_many_paths, first_ration, serial_shops,
          nicolae_shop_temple_entry_statues_fountains, uniq_menkaure
D:6:      layout_loops_ring, temple_fountains, serial_park_tiny_1,
          nicolae_tso_swordbearing_angel
D:7:      layout_gridville, vehumet_altar_wand_db
D:8:      layout_cave_pools, zin_angel
D:9:      layout_irregular_city, kennysheep_little_box, david_lair_generic,
          serial_co_window_serial, co_window_corner_a, co_window_paths_b,
          co_window_paths_b, co_window_of_opportunity_a, co_window_paths_b,
          co_window_broadway_a, co_window_broadway_a, co_window_paths_c,
          co_window_broadway_c, glass_columns_b, glass_columns_c
D:10:     layout_loops_corners, nicolae_trove_entry_crystal,
          minmay_misc_feat_doors, trog_wizard
D:11:     layout_stronghold, hangedman_stone_soup,
          chequers_serial_rivers_micro_d, nicolae_zen_rock_garden,
          kennysheep_nondescript, kennysheep_diamond, uniq_erica, uniq_harold
D:12:     layout_roguey, david_orc_3, basic_altar,
          nicolae_dithmenos_shadow_blocks

Skill      XL: |  1  2  3  4  5  6  7  8  9 10 11 12 |
---------------+-------------------------------------+-----
Dodging        | 2 3 4 5 7 8 |  8.4
Fighting       | 4 5 6 8 9 10 11 | 11.0
Armour         | 3 4 5 6 7 9 10 | 10.8
Maces & Flails | 4 5 6 7 8 10 | 10.2

Action                   |  1- 3 |  4- 6 |  7- 9 | 10-12 || total
-------------------------+-------+-------+-------+-------++-------
Melee: Mace              |   115 |   177 |   219 |       ||   511
       Flail             |       |       |   349 |   450 ||   799
       Great mace        |       |       |       |   242 ||   242
Invok: Berserk           |     2 |     1 |     4 |     8 ||    15
       Trog's Hand       |       |       |     3 |     7 ||    10
Evoke: Wand              |       |       |     1 |     6 ||     7
  Use: Scroll            |       |     5 |       |    21 ||    26
       Potion            |       |       |     1 |     4 ||     5
  Eat: Chunk             |       |     8 |    21 |    57 ||    86
Armor: Animal skin       |    25 |       |       |       ||    25
       Ring mail         |    49 |   103 |   217 |       ||   369
       Scale mail        |       |       |   123 |   427 ||   550
       Chain mail        |       |       |       |   130 ||   130
Dodge: Dodged            |   111 |   136 |   390 |   637 ||  1274
Block: Other             |       |       |    32 |     2 ||    34

Table legend:
 A = Non-vault XP
 B = Vault XP
 C = Vault XP percentage of total XP
 D = Non-vault monster count
 E = Vault monster count
 F = Vault count percentage of total count
                 A         B        C        D         E       F
            +---------+---------+-------+---------+---------+-------
      Total |   14482 |    6221 |  30.0 |     236 |      79 |  25.1
            +---------+---------+-------+---------+---------+-------
        D:1 |      42 |      86 |  67.2 |      22 |      20 |  47.6
        D:2 |      21 |     212 |  91.0 |       9 |       3 |  25.0
        D:3 |     216 |      19 |   8.1 |      21 |       5 |  19.2
        D:4 |     162 |     892 |  84.6 |      16 |      12 |  42.9
        D:5 |    1007 |     177 |  14.9 |      17 |       2 |  10.5
        D:6 |     390 |       0 |   0.0 |      13 |       0 |   0.0
        D:7 |     879 |       2 |   0.2 |      12 |       1 |   7.7
        D:8 |    1673 |       0 |   0.0 |      33 |       0 |   0.0
        D:9 |    1247 |    1618 |  56.5 |      27 |       4 |  12.9
       D:10 |    4450 |       0 |   0.0 |      30 |       0 |   0.0
       D:11 |    3569 |    2721 |  43.3 |      28 |       8 |  22.2
       D:12 |     826 |     250 |  23.2 |       8 |       4 |  33.3
      Sewer |       0 |     244 | 100.0 |       0 |      20 | 100.0
            +---------+---------+-------+---------+---------+-------
